 Dungeon Sprint DCSS version 0.30.0-10-gfe55d96785 (webtiles) character file.

Game seed: 4823254209389616563

2 fozzywoppz the Trooper (level 1, 0/18 HPs)
             Began as a Demonspawn Monk on May 15, 2023.
             Slain by Jessica
             ... wielding a +0 dagger
              (6 damage)
             ... in the Dungeon (Sprint III: "The Ten Rune Challenge").
             The game lasted 00:00:34 (32 turns).

fozzywoppz the Trooper (Demonspawn Monk)              Turns: 32, Time: 00:00:34

Health: 0/18       AC:  2    Str: 11    XL:     1   Next: 25%
Magic:  1/1        EV: 13    Int: 11    God:
Gold:   0          SH:  0    Dex: 15    Spells: 0/0 levels left

rFire   . .          .
                       - Unarmed
rCold   . . .        c - orb {light}
rNeg    . . .        a - +0 robe
rPois   .            (no helmet)
rElec   .            (no cloak)
rCorr   .            (no gloves)
SInv    .            (no boots)
Will    .....        (no amulet)
Stlth   +            (no ring)
HPRegen 0.23/turn    (no ring)
MPRegen 0.07/turn

%: no teleportation
@: glowing
A: no striking features
a: no special abilities


You were in the Dungeon.
You visited 1 branch

Inventory:

Armour
 a - a +0 robe (worn)
 c - an orb of light (worn)
Jewellery
 k - a ring of wizardry
Scrolls
 i - a scroll of blinking
Potions
 b - a potion of ambrosia
 d - a potion of curing
 e - a potion of heal wounds
 f - a potion of haste
 g - 2 potions of magic
 h - a potion of berserk rage
 j - a potion of mutation {unknown}


   Skills:
 + Level 3.3 Fighting
 + Level 3.0 Dodging
 + Level 3.0 Unarmed Combat


You couldn't memorise any spells.
You didn't know any spells.
Your spell library was empty.

Dungeon Overview and Level Annotations

Branches:
Dungeon (1/1)

Altars:

Annotations:
D Jessica


Message History

Found a staircase leading out of the dungeon.
Adjust (i)tems, (s)pells, or (a)bilities?
Huh?
Unknown command.
There are no items here.
A rat comes into view.
The rat misses you.
You hit the rat.
You kill the rat!
An endoplasm comes into view.
Found a coppery potion.
You see here a rat corpse.
The endoplasm quivers.
The endoplasm hits you but does no damage.
You hit the endoplasm but do no damage. You hit the endoplasm.
You kill the endoplasm!
Your Dodging skill increases to level 3!
Your Unarmed Combat skill increases to level 3!
j - a coppery potion
Found an opal ring.
Jessica the Apprentice Sorceress comes into view.
She is wielding a +0 dagger and wearing a +2 robe of willpower.
Jessica shouts!
Jessica mumbles some strange words.
Jessica seems to speed up.
You see here a ring of wizardry.
k - a ring of wizardry Jessica gestures wildly while chanting.
Jessica blinks!
You barely miss Jessica. Jessica barely misses you.
You hit Jessica.
Jessica is lightly wounded.
Jessica hits you with a +0 dagger. Jessica closely misses you.
You hit Jessica but do no damage.
Jessica is lightly wounded.
Jessica hits you with a +0 dagger.
You hit Jessica but do no damage.
Jessica is lightly wounded.
Jessica hits you with a +0 dagger. x2
You die...

▓▓▓▓▓▓▓▓▓
▓<..#@..####
▓...#@.....##
▓..##.......#
▓##.##.##...#
##.##.## ..#
▓#.####.# .#
▓.###..## #
▓#..†..#
###..##


You could see Jessica (fast).

Vanquished Creatures
  An endoplasm (D)
  A rat (D)
2 creatures vanquished.

Notes
Turn   | Place    | Note
-------+----------+-------------------------------------------
     0 | D        | fozzywoppz the Demonspawn Monk began the quest for the Orb.
     0 | D        | Reached XP level 1. HP: 18/18 MP: 1/1
    25 | D        | Noticed Jessica
    32 | D        | Slain by Jessica

Illustrated notes

Levels and vault maps discovered:
D:        dungeon_sprint_mu [sprint_mu_entry_cave, sprint_mu_temple_rooms,
          sprint_mu_d1_horrors, sprint_mu_d2_genie, sprint_mu_d3_branching,
          sprint_mu_orc_legion, sprint_mu_elf_gauntlet, sprint_mu_hive_nellie,
          sprint_mu_lair_fedhas, sprint_mu_vaults_butterflies,
          sprint_mu_slime_circle, sprint_mu_swamp_cave, sprint_mu_shoals_kraken,
          sprint_mu_blade_basic, sprint_mu_crypt_lich, sprint_mu_tomb_spiral,
          sprint_mu_vestibule_basic, sprint_mu_gehenna_hellfire,
          sprint_mu_dis_giant, sprint_mu_tartarus_statrot,
          sprint_mu_cocytus_islands, sprint_mu_zot1]

Skill      XL: |  1 |
---------------+----+-----
Dodging        | 3 |  3.0
Unarmed Combat | 3 |  3.0
Fighting       | |  3.3

Action                     || total
---------------------------++-------
  Melee: Unarmed           ||     7
 Armour: Robe              ||     1
  Dodge: Dodged            ||     3
